 Dungeon Crawl Stone Soup version 0.25-a0-306-g3faca94807 (webtiles) character file.

Game seed: 3270412764014567029, levelgen mode: deterministic

468 DerDa the Magician (level 7, -11/41 HPs)
             Began as an Octopode Fire Elementalist on Dec 21, 2019.
             Was an Initiate of Sif Muna.
             Killed by divine providence
             ... invoked by an orc priest
              (16 damage)
             ... on level 4 of the Dungeon.
             The game lasted 00:08:51 (2993 turns).

DerDa the Magician (Octopode Fire Elementalist)     Turns: 2993, Time: 00:08:52

Health: -11/41     AC:  1    Str:  7    XL:     7   Next: 8%
Magic:  14/14      EV: 13    Int: 19    God:    Sif Muna [......]
Gold:   184        SH:  0    Dex: 13    Spells: 8/16 levels left

rFire    . . .     SeeInvis .   e - +0 hand axe
rCold    . . .     Gourm    .   (no shield)
rNeg     . . .     Faith    .   (helmet restricted)
rPois    .         Spirit   .   (no amulet)
rElec    .         Reflect  .   (no ring)
rCorr    .         Harm     .   (no ring)
MR       .....                  (no ring)
Stlth    +++.......             (no ring)
HPRegen  0.13/turn              (no ring)
MPRegen  0.14/turn              (no ring)
                                (no ring)
                                (no ring)

@: no status effects
A: almost no armour, stealthy swim, amphibious, 8 rings, constrict 8, camouflage
1, gelatinous body 1
a: Renounce Religion


You were on level 4 of the Dungeon.
You worshipped Sif Muna.
Sif Muna was noncommittal.
You were hungry.

You visited 2 branches of the dungeon, and saw 5 of its levels.

You collected 184 gold pieces.

Inventory:

Hand Weapons
 e - a +0 hand axe (weapon)
 n - a +0 hunting sling
Missiles
 d - 37 bolts
 j - 115 stones (quivered)
Scrolls
 a - 6 scrolls of identify {unknown}
 c - 3 scrolls of fear {unknown}
 f - a scroll of fog {unknown}
 h - 2 scrolls of random uselessness {unknown}
 k - 3 scrolls of enchant weapon {unknown}
 m - a scroll of teleportation {unknown}
 o - a scroll of noise {unknown}
 p - 3 scrolls of remove curse {unknown}
 q - a scroll of magic mapping {unknown}
 t - a scroll of enchant armour {unknown}
Potions
 g - 3 potions of lignification
 i - a potion of haste {unknown}
 l - a potion of heal wounds {unknown}
 s - a potion of agility {unknown}
 u - a potion of brilliance {unknown}
Comestibles
 b - 2 rations
 r - 2 chunks of flesh


   Skills:
 - Level 2.0 Dodging
 - Level 2.6 Stealth
 * Level 5.0 Spellcasting
 + Level 3.5 Conjurations
 + Level 4.6 Fire Magic


You had 8 spell levels left.
You knew the following spells:

 Your Spells              Type           Power        Failure   Level  Hunger
a - Foxfire               Conj/Fire      ###.         2%          1    None
b - Conjure Flame         Conj/Fire      ###.....     7%          3    ##.....
c - Sticky Flame          Conj/Fire      ###.....     22%         4    ####...

Your spell library contained the following spells:

 Spells                   Type           Power        Failure   Level  Hunger
 Inner Flame              Hex/Fire       ##......     14%         3    ##.....
 Fireball                 Conj/Fire      ###.......   54%         5    ######.


Dungeon Overview and Level Annotations

Branches:
Dungeon (4/15)             Temple (1/1) D:4

Altars:
Dithmenos
Elyvilon
Fedhas
Gozag
Qazlal
Ru
Sif Muna
Trog
Vehumet
Wu Jian
Xom
Yredelemnul
Zin


Innate Abilities, Weirdness & Mutations

You cannot wear most types of armour.
You are very stealthy in the water. (Stealth+)
You are amphibious.
You can wear up to eight rings at the same time.
You can use your tentacles to constrict eight enemies at once.
Your skin changes colour to match your surroundings (Stealth+).
Your rubbery body absorbs attacks. (AC +1, EV +1)


Message History

Beogh smites you!
There is an open door here.
As you close the door, it creaks loudly!
There is a fountain of clear blue water here.
There is an open door here.
The orc priest mumbles some strange prayers to Beogh against you.
Beogh smites you!
* * * LOW HITPOINT WARNING * * *
A frilled lizard comes into view.
The frilled lizard moves out of view.
The orc priest mumbles some strange prayers to Beogh against you.
Beogh smites you!
* * * LOW HITPOINT WARNING * * *
There is an open door here.
You close the door.
You see here a +0 club.
An orc priest opens the door.
The orc priest invokes the aid of Beogh against you.
Beogh smites you!
You die...

#.####+### #.....#.#.#
#.#>.....# #.....#.#.#
'..o.....# #.....#.#.#
##.....o.### #.#####.#.#
##..##.#...# #.# #.#.#
###.##.#...# #.#####.#.#
#..#.#...# #.......#.#
####.#.#.lo###########.#
.........).'.)..@......#
####...#...#############
##..#...# #..#...#
#..#...# #..#....
#..#....# #..#....# #..#


You could see an orc priest and a frilled lizard (wandering).

Vanquished Creatures
  Menkaure (D:4)
  2 scorpions (D:4)
  An orc priest (D:3)
  An orc wizard (D:3)
  A worker ant (D:4)
  Robin (D:3)
  7 adders
  An ooze (D:2)
  3 worms
  A dart slug (D:2)
  3 leopard geckos
  8 orcs (D:3)
  A giant cockroach (D:2)
  7 hobgoblins
  6 jackals
  10 kobolds
  6 bats
  A frilled lizard (D:1)
  11 goblins
  A leopard gecko skeleton (D:4)
  5 rats
78 creatures vanquished.

Vanquished Creatures (others)
  180 foxfires
180 creatures vanquished.

Grand Total: 258 creatures vanquished

Notes
Turn   | Place    | Note
-------+----------+-------------------------------------------
     0 | D:1      | DerDa the Octopode Fire Elementalist began the quest for
                  | the Orb.
     0 | D:1      | Reached XP level 1. HP: 11/11 MP: 3/3
   156 | D:1      | Reached XP level 2. HP: 17/17 MP: 0/5
   492 | D:2      | Reached XP level 3. HP: 16/21 MP: 0/7
   602 | D:2      | Reached skill level 3 in Spellcasting
   710 | D:2      | Reached XP level 4. HP: 20/27 MP: 4/8
  1333 | D:3      | Reached XP level 5. HP: 31/31 MP: 1/10
  1368 | D:3      | Learned a level 3 spell: Conjure Flame
  1373 | D:3      | Learned a level 4 spell: Sticky Flame
  2155 | D:3      | Reached skill level 4 in Spellcasting
  2316 | D:4      | Noticed Menkaure
  2321 | D:4      | Noticed Robin
  2322 | D:4      | Killed Menkaure
  2322 | D:4      | Reached XP level 6. HP: 24/36 MP: 7/12
  2370 | D:3      | Killed Robin
  2370 | D:3      | Reached XP level 7. HP: 14/41 MP: 4/14
  2681 | D:4      | Found a staircase to the Ecumenical Temple.
  2689 | D:4      | Reached skill level 5 in Spellcasting
  2695 | Temple   | Entered the Ecumenical Temple
  2726 | Temple   | Became a worshipper of Sif Muna the Loreminder
  2993 | D:4      | Killed from afar by an orc priest

Levels and vault maps discovered:
D:1:      mushboom_english_gardens, layout_rooms
D:2:      layout_basic
D:3:      layout_loops_ring
D:4:      layout_basic, minmay_temple_entry_hall, first_ration, uniq_robin,
          uniq_menkaure
Temple:   oiseaux_autumnal_temple

Skill      XL: |  1  2  3  4  5  6  7 |
---------------+----------------------+-----
Spellcasting   | 3 4 5 |  5.0
Conjurations   | 2 3 |  3.5
Fire Magic     | 4 |  4.6
Dodging        | |  2.0
Stealth        | |  2.6

Action                   |  1- 3 |  4- 6 |  7- 9 || total
-------------------------+-------+-------+-------++-------
Melee: Unarmed           |     2 |       |       ||     2
       Constrict         |     8 |     9 |     3 ||    20
       Hand axe          |    25 |    46 |    10 ||    81
       Tentacles         |     3 |     6 |     1 ||    10
 Cast: Foxfire           |    27 |    71 |     8 ||   106
  Use: Potion            |       |     1 |       ||     1
 Stab: Sleeping          |     4 |       |       ||     4
  Eat: Chunk             |       |     5 |     1 ||     6
Armor: Skin              |     5 |    11 |       ||    16
Dodge: Dodged            |    32 |    43 |     8 ||    83

Table legend:
 A = Non-vault XP
 B = Vault XP
 C = Vault XP percentage of total XP
 D = Non-vault monster count
 E = Vault monster count
 F = Vault count percentage of total count
                 A         B        C        D         E       F
            +---------+---------+-------+---------+---------+-------
      Total |     468 |     201 |  30.0 |      65 |      13 |  16.7
            +---------+---------+-------+---------+---------+-------
        D:1 |      24 |       0 |   0.0 |      14 |       0 |   0.0
        D:2 |     110 |       0 |   0.0 |      25 |       0 |   0.0
        D:3 |     151 |      15 |   9.0 |      21 |       1 |   4.5
        D:4 |     183 |     186 |  50.4 |       5 |      12 |  70.6
            +---------+---------+-------+---------+---------+-------
